 Dungeon Sprint DCSS version 0.19-a0-1922-g1e9a4c1 (webtiles) character file.

12 LORDOFBUTT the Shield-Bearer (level 5, -2/47 HPs)
             Began as a Formicid Fighter on Oct 24, 2016.
             Was an Initiate of Gozag.
             Slain by a queen ant (14 damage)
             ... in the Dungeon (Sprint VI: "Thunderdome").
             The game lasted 00:01:18 (194 turns).

LORDOFBUTT the Shield-Bearer (Formicid Fighter)      Turns: 194, Time: 00:01:19

Health: -2/47      AC: 12    Str: 26    XL:     5   Next: 28%
Magic:  5/5        EV: 14    Int:  8    God:    Gozag
Gold:   212        SH: 11    Dex: 15    Spells: 0 memorised, 4 levels left

rFire  . . .     SeeInvis +     a - +0 war axe
rCold  . . .     Gourm    .     b - +0 scale mail
rNeg   . . .     Faith    .     c - +0 shield
rPois  .         Spirit   .     (helmet unavailable)
rElec  .         Reflect  .     (no cloak)
rCorr  .         Harm     .     q - +3 pair of gloves of Mocvin {Stlth+}
MR     .....                    (no boots)
Stlth  ++........               (no amulet)
                                (no ring)
                                (no ring)

@: mighty, agile, lethally poisoned (-2 -> -31)
A: permanent stasis, dig shafts and tunnels, four strong arms, antennae 3
a: Dig, Potion Petition, Call Merchant, Bribe Branch, Renounce Religion


You were in the Dungeon.
You worshipped Gozag.
Gozag was aware of your devotion.
You were not hungry.

You visited 1 branch You collected 544 gold pieces.
You spent 332 gold pieces at shops.

Inventory:

Hand Weapons
 a - a +0 war axe (weapon)
Armour
 b - a +0 scale mail (worn)
 c - a +0 shield (worn)
 q - the +3 pair of gloves of Mocvin (worn) {Stlth+}
   (You bought it in a shop in the Dungeon)

   It makes you more stealthy.
Wands
 m - a wand of acid (5/15)
 n - a wand of iceblast (5/15)
Scrolls
 k - 4 scrolls of blinking
 o - 3 scrolls of fog
Potions
 e - a potion of curing
 g - 4 potions of heal wounds
 h - 4 potions of haste
 i - 2 potions of magic
 j - a potion of berserk rage
 l - a potion of resistance
 p - a potion of beneficial mutation {unknown}
Comestibles
 f - a bread ration


   Skills:
 + Level 6.4 Fighting
 + Level 4.2 Axes
 + Level 6.5 Armour
 + Level 0.1 Dodging
 + Level 6.9 Shields


You had 4 spell levels left.
You didn't know any spells.

Dungeon Overview and Level Annotations

Branches:
Dungeon (1/1)

Altars:
Cheibriados
Dithmenos
Fedhas
Gozag
Kikubaaqudgha
Makhleb
Okawaru
Qazlal
Ru
Sif Muna
Trog
Uskayaw
Vehumet
Xom
Yredelemnul
Zin
The Shining One
Beogh
Jiyva

Shops:
D *[%??*?*:[((


Innate Abilities, Weirdness & Mutations

You are under a permanent stasis effect.
You can dig through walls and to a lower floor.
Your four strong arms can wield two-handed weapons with a shield.
You have a pair of large antennae on your head. (SInv)


Message History

You slash the queen ant!
The queen ant is moderately wounded.
Your scale mail prevents you from hitting the worker ant.
You feel very sick. The queen ant completely misses you.
The worker ant barely misses you. You block the queen ant's attack.
You block the worker ant's attack.
You slash the queen ant!
The queen ant is heavily wounded.
You barely miss the worker ant.
You feel very sick.
The worker ant bites you but does no damage.
The queen ant stings you but does no damage.
You hit the queen ant but do no damage.
The queen ant is heavily wounded.
You barely miss the worker ant.
* * * LOW HITPOINT WARNING * * *
You feel very sick. The worker ant barely misses you. The queen ant stings you!
You die...
Your body crumbles into a pile of gold.

##∩___......###......__
###∩........8.# #.8......
##.............###........
#⌠..........###...###.....
#⌠..........# #.<.# .....
#§..........###...###.....
##.............###........
###∩........8.# #.8......
##∩__a@.....###......_
######a8.........8.#
#⌠...........⌠#
###.........###
#_......._# #........_#
#........_# #∩.....[.∩#
##∩....[∩##


You could see a queen ant and a worker ant.

Vanquished Creatures
  Jessica (D)
  3 worker ants (D)
  Terence (D)
  A bat skeleton (D)
  A rat (D)
7 creatures vanquished.

Notes
Turn   | Place    | Note
-------+----------+-------------------------------------------
     0 | D        | LORDOFBUTT the Formicid Fighter began the quest for the Orb.
     0 | D        | Reached XP level 1. HP: 18/18 MP: 1/1
     1 | D        | Found an ancient bone altar of Kikubaaqudgha.
     1 | D        | Found a bloodstained altar of Trog.
     2 | D        | Found a roughly hewn altar of Beogh.
     2 | D        | Found a basalt altar of Yredelemnul.
     3 | D        | Found a shadowy altar of Dithmenos.
     4 | D        | Found a viscous altar of Jiyva.
     4 | D        | Found a burning altar of Makhleb.
     4 | D        | Found Poug's Staff Store.
     4 | D        | Found Wucho's Magic Scroll Shop.
     5 | D        | Found a blossoming altar of Fedhas.
     5 | D        | Found Qigu's Must-Have Magic.
     5 | D        | Found Kunar's Magic Scroll Shop.
     5 | D        | Round 1.
    21 | D        | Found a sacrificial altar of Ru.
    25 | D        | Found an opulent altar of Gozag.
    25 | D        | Found a radiant altar of Vehumet.
    25 | D        | Found Diellol's Bee Food.
    25 | D        | Found Bonwamos's Jewellery.
    26 | D        | Found Qalu's Advanced Armour.
    27 | D        | Found an iron altar of Okawaru.
    27 | D        | Found a glowing golden altar of the Shining One.
    27 | D        | Found a hide-covered altar of Uskayaw.
    27 | D        | Found Qehomuo's Identification Station.
    35 | D        | Became a worshipper of Gozag Ym Sagoz the Greedy
    49 | D        | Found a glowing silver altar of Zin.
    51 | D        | Found Tamaso's Premium Goods.
    51 | D        | Found Macrirhiomu's Miscellaneous Merchandise.
    52 | D        | Found Irawnick's Basic Armour.
    57 | D        | Found Ystrugar's Weapon Rack.
    57 | D        | Found a snail-covered altar of Cheibriados.
    57 | D        | Found a stormy altar of Qazlal.
    57 | D        | Found a deep blue altar of Sif Muna.
    66 | D        | Noticed Terence
    72 | D        | Noticed a worker ant
    79 | D        | Killed Terence
    79 | D        | Reached skill level 5 in Shields
    79 | D        | Reached XP level 2. HP: 15/26 MP: 2/2
    79 | D        | Reached XP level 3. HP: 18/31 MP: 3/3
    85 | D        | Reached skill level 5 in Fighting
    85 | D        | Reached skill level 5 in Armour
    85 | D        | Reached XP level 4. HP: 19/39 MP: 4/4
    88 | D        | Found a shimmering altar of Xom.
    93 | D        | Noticed Jessica
   102 | D        | Killed Jessica
   102 | D        | Arena points: 12 (+12) [x2]
   146 | D        | Bought a pair of ancient gloves for 332 gold pieces
   151 | D        | Identified the +3 pair of gloves of Mocvin {Stlth+} (You bought it in a shop in the Dungeon)
   162 | D        | Round 2.
   169 | D        | Reached XP level 5. HP: 28/46 MP: 5/5
   181 | D        | Noticed a queen ant
   194 | D        | Slain by a queen ant

Vault maps used:
D:        arena_sprint

Skill      XL: |  1  2  3  4 |
---------------+-------------+-----
Fighting       | 4 5 6 |  6.4
Armour         | 4 5 6 |  6.5
Shields        | 5 6 |  6.9
Axes           | 3 4 |  4.2
Dodging        | |  0.1

Action                   |  1- 3 |  4- 6 || total
-------------------------+-------+-------++-------
Melee: War axe           |    17 |    19 ||    36
Invok: Potion Petition   |       |     1 ||     1
  Use: Potion            |       |     1 ||     1
Armor: Scale mail        |    12 |    14 ||    26
Dodge: Dodged            |     6 |    12 ||    18
Block: Shield            |     9 |    11 ||    20
